[Event "Late-Titled-Tuesday-Blitz-March-19-2024"]
[Site "Chess.com"]
[Date "2024.03.19"]
[Round "7"]
[White "marcodobrikov"]
[Black "Stanbad1"]
[Result "0-1"]
[WhiteElo "2701"]
[BlackElo "2604"]
[TimeControl "180+1"]
[EndTime "15:14:03 PDT"]
[Termination "Stanbad1 won by resignation"]

1. c4 Nf6 2. Nc3 g6 3. e4 d6 4.
d4 Bg7 5. Be2 O-O 6. Be3 c5 7.
d5 b5 8. cxb5 a6 9. bxa6 Qa5 10.
Qd2 Bxa6 11. f3 Bxe2 12. Ngxe2 Nbd7 13. O-O Rfb8 14. a4 Ne5 15. Qc2 Qb4 16. Bc1 Nc4 17. Rb1 Nd7 18. b3 Na3 19. Bxa3 Qxa3 20. Nb5 Qb4 21. Nf4 c4 22. Qxc4 Qxc4 23. bxc4 Rxa4 24. Rfc1 Nc5 25. Kf1 Bh6 26. g3 Bxf4 27. gxf4 Nd3 28. Rc3 Nxf4 29. Rbc1 Ra2 30. R3c2 Rba8 31. Nd4 Rxc2 32.
Rxc2 Ra3 33. Kf2 Nd3+ 34. Kg3 Ne5 35. Kg2 Rd3 36. Nc6 Nxf3 37. Nxe7+ Kf8 38. Nc8 Ne1+ 39. Kf2 Nxc2 40. Nxd6 Ke7 41. c5 Rc3 42. Nb7 Nb4 43. Ke2 f5 44. e5 Nxd5 0-1

[Event "Late-Titled-Tuesday-Blitz-March-19-2024"]
[Site "Chess.com"]
[Date "2024.03.19"]
[Round "7"]
[White "cthulhuuu"]
[Black "tarno17"]
[Result "1-0"]
[WhiteElo "2413"]
[BlackElo "2193"]
[TimeControl "180+1"]
[EndTime "15:14:04 PDT"]
[Termination "cthulhuuu won by checkmate"]

1. e4 c5 2. Nf3 e6 3. d3 a6 4. g3 d6 5. Bg2 Nc6 6. O-O Nf6 7. Re1 Be7 8. c3 O-O 9. d4 cxd4 10. cxd4 d5 11. e5 Nd7 12. Nc3 b5 13. Bf4 Nb6 14. b3 Bb4 15. Rc1 Ne7 16. g4 Bd7 17.
Qd3 Ng6 18. Bg3 Rc8 19. h4 Bxc3 20. Rxc3 Rxc3 21. Qxc3 Qc8 22. Qd3 Qc7 23. h5 Ne7 24. Bh4 Re8 25. Ng5 g6 26. Qf3 Bc8 27. Qxf7+ Kh8 28.
Qxh7# 1-0

[Event "Late-Titled-Tuesday-Blitz-March-19-2024"]
[Site "Chess.com"]
[Date "2024.03.19"]
[Round "7"]
[White "Yurovskykh_Oleksandr"]
[Black "JosephRyan"]
[Result "1-0"]
[WhiteElo "2579"]
[BlackElo "2262"]
[TimeControl "180+1"]
[EndTime "15:14:07 PDT"]
[Termination "Yurovskykh_Oleksandr won by resignation"]

1. d4 d5 2. Bf4 Nf6 3. e3 c5 4. c3 Nc6 5. Nd2 Qb6 6. Qb3 c4 7.
Qc2 g6 8. e4 Nxe4 9. Nxe4 dxe4 10. Bxc4 Bf5 11. Qb3 Qxb3 12. axb3 Bg7 13. b4 e5 14. dxe5 Nxe5 15. Bxe5 Bxe5 16. Ne2 O-O 17. Ng3 Bxg3 18. hxg3 h5 19. Ke2 Rfd8 20. Rhd1 a6 21. Rxd8+ Rxd8 22. Ke3 Kg7 23. Be2 Kf6 24. f3 exf3 25.
gxf3 Ke5 26. Ra5+ Kf6 27. Rc5 Rd7 28. b5 axb5 29. Bxb5 Re7+ 30. Kf2 g5 31. Be2 h4 32.
gxh4 gxh4 33. Rc4 Kg5 34. f4+ Kf6 35. Bf3 Rd7 36. Rb4 Rd2+ 37. Ke3 Rd3+ 38. Ke2 h3 39. Rb6+ Kg7 40. Rb5 Bg6 41. f5 h2 42. Kxd3 1-0

[Event "Late-Titled-Tuesday-Blitz-March-19-2024"]
[Site "Chess.com"]
[Date "2024.03.19"]
[Round "7"]
[White "MKlose11"]
[Black "ATM622"]
[Result "0-1"]
[WhiteElo "2627"]
[BlackElo "2516"]
[TimeControl "180+1"]
[EndTime "15:14:17 PDT"]
[Termination "ATM622 won by resignation"]

1. e4 c6 2. Nc3 d5 3. g3 dxe4 4.
Nxe4 Bf5 5. Bg2 Nf6 6. Qe2 Nxe4 7.
Bxe4 Bxe4 8. Qxe4 Qd5 9. d3 Qxe4+ 10. dxe4 e5 11. Nf3 Nd7 12. Be3 f6 13. O-O-O Bc5 14. Rhe1 Bxe3+ 15. Rxe3 O-O-O 16. Nh4 g6 17. Rf3 Rhf8 18. Ng2 Nc5 19. Rxd8+ Kxd8 20. Re3 Ke7 21. Ne1 Rd8 22. f3 Ne6 23. c3 c5 24. Nd3 a5 25. a4 c4 26. Ne1 Nc5 27. Kc2 Nxa4 28. Re2 Nc5 29. Ng2 b5 30. Ne3 Rd3 31. Re1 Nb3 32.
Re2 Ke6 33. Nd5 Na1+ 34. Kc1 Nb3+ 35. Kc2 Rxf3 36. Nc7+ Kd7 37. Nxb5 Rf1 0-1

[Event "Late-Titled-Tuesday-Blitz-March-19-2024"]
[Site "Chess.com"]
[Date "2024.03.19"]
[Round "7"]
[White "CheckThis4"]
[Black "ninguno46"]
[Result "1-0"]
[WhiteElo "2678"]
[BlackElo "2539"]
[TimeControl "180+1"]
[EndTime "15:14:23 PDT"]
[Termination "CheckThis4 won on time"]

1. e4 c5 2. Nf3 Nc6 3. d4 cxd4 4. Nxd4 g6 5. Nc3 Bg7 6. Be3 Nf6 7. Bc4 Qa5 8. O-O O-O 9. Bb3 d6 10. h3 Bd7 11. Nde2 b5 12. Ng3 Rac8 13. Qd2 Rfe8 14. Bh6 b4 15. Nd5 Nxd5 16. exd5 Bxh6 17. Qxh6 Nd4 18.
Rad1 Nxb3 19. cxb3 Rc2 20. Rd4 e5 21. Rh4 Qxd5 22.
Ne4 1-0

[Event "Late-Titled-Tuesday-Blitz-March-19-2024"]
[Site "Chess.com"]
[Date "2024.03.19"]
[Round "7"]
[White "wild3000"]
[Black "Alex_Banzea"]
[Result "0-1"]
[WhiteElo "2446"]
[BlackElo "2589"]
[TimeControl "180+1"]
[EndTime "15:14:24 PDT"]
[Termination "Alex_Banzea won by resignation"]

1. d4 Nf6 2. Nf3 g6 3. g3 Bg7 4. Bg2 O-O 5. O-O d6 6. b3 Nbd7 7. Bb2 c6 8. c4 Re8 9. Re1 e5 10. e3 e4 11. Nfd2 d5 12. Nc3 Nf8 13. b4 h5 14. h3 N8h7 15. b5 Ng5 16. Kh2 Bf5 17.
bxc6 bxc6 18. cxd5 cxd5 19. Qa4 Bf8 20. Ba3 Bd7 21.
Qa6 Re6 22. Qb7 Rb6 23. Qxa8 Qxa8 24. Bc5 Rb2 25. Red1 Qc8 26. Rac1 Bxh3 27. Bxf8 Bxg2 28. Kxg2 Qh3+ 29. Kg1 Rxd2 0-1

[Event "Late-Titled-Tuesday-Blitz-March-19-2024"]
[Site "Chess.com"]
[Date "2024.03.19"]
[Round "7"]
[White "grandcoach"]
[Black "Der_Balak_3Halak"]
[Result "0-1"]
[WhiteElo "2243"]
[BlackElo "2416"]
[TimeControl "180+1"]
[EndTime "15:14:24 PDT"]
[Termination "Der_Balak_3Halak won on time"]

1. e4 g6 2. d4 Bg7 3. Nc3 c5 4. dxc5 Qa5 5. Bd2 Qxc5 6. Nd5 e6 7. Bb4 Qc6 8. Bb5 exd5 9. Bxc6 Nxc6 10. Bc3 d4 11. Bd2 Nf6 12. Qe2 O-O 13. Bg5 Re8 14. Bxf6 Bxf6 15. Nf3 d5 16. e5 Nxe5 17. O-O-O Bf5 18.
Nxe5 Bxe5 19. Kb1 Rac8 20. Rc1 Bf4 21. Qf3 Bxc1 22. Rxc1 Be4 23. Qg3 Rc6 24. f3 Bf5 25. Re1 Rec8 26. Ka1 Rxc2 27. a3 d3 0-1

[Event "Late-Titled-Tuesday-Blitz-March-19-2024"]
[Site "Chess.com"]
[Date "2024.03.19"]
[Round "7"]
[White "jstopa4"]
[Black "Heliosis11"]
[Result "1-0"]
[WhiteElo "2721"]
[BlackElo "2265"]
[TimeControl "180+1"]
[EndTime "15:14:25 PDT"]
[Termination "jstopa4 won by resignation"]

1. d4 Nf6 2. c4 e6 3. Nf3 b6 4. g3 Ba6 5. b3 Bb4+ 6. Bd2 Be7 7. Bg2 d5 8. O-O O-O 9. Ne5 Bb7 10. Nc3 Nbd7 11.
cxd5 exd5 12. Bf4 c6 13. a4 Re8 14. Qc2 Rc8 15. Qb2 c5 16. e3 Bf8 17. Bh3 Ra8 18.
Rfd1 cxd4 19. exd4 Bb4 20. Nb5 Nf8 21. Rac1 Re7 22.
Nd3 Ng6 23. Nxb4 Nxf4 24. gxf4 Nh5 25. Nd3 a6 26. Nc3 Qd6 27. Ne2 Qg6+ 28. Ng3 Re4 29. Ne5 Qh6 30. Nxe4 Nxf4 31. Ng3 Qxh3 32. f3 f6 33. Nd3 Ne6 34. Qg2 Qh6 35. Nf5 Qh5 36. Qg4 1-0

[Event "Late-Titled-Tuesday-Blitz-March-19-2024"]
[Site "Chess.com"]
[Date "2024.03.19"]
[Round "7"]
[White "Boundless_Strike"]
[Black "DucksParadise"]
[Result "1-0"]
[WhiteElo "2633"]
[BlackElo "2495"]
[TimeControl "180+1"]
[EndTime "15:14:29 PDT"]
[Termination "Boundless_Strike won by checkmate"]

1. d4 Nf6 2. Nc3 d5 3. e4 Nxe4 4. Nxe4 dxe4 5. Be3 e6 6. f3 Nd7 7. fxe4 Qh4+ 8. Bf2 Qxe4+ 9. Be2 c5 10. Nf3 cxd4 11.
O-O Bc5 12. Qd2 O-O 13. Ng5 Qd5 14. Bf3 Qd6 15. Kh1 Nf6 16. Rae1 Bb4 17. c3 dxc3 18.
Qc2 h6 19. Rd1 Qc7 20. Bg3 Qc4 21. b3 Qb5 22. Ne4 Nxe4 23. Bxe4 f5 24. Bd3 Qb6 25. Be5 Bd7 26. Bc4 Rf7 27. Rxf5 Rxf5 28. Qxf5 Kh8 29. Qg6 Be8 30. Qxg7# 1-0

[Event "Late-Titled-Tuesday-Blitz-March-19-2024"]
[Site "Chess.com"]
[Date "2024.03.19"]
[Round "7"]
[White "Balla_Tamas"]
[Black "ACollins05"]
[Result "1-0"]
[WhiteElo "2418"]
[BlackElo "2537"]
[TimeControl "180+1"]
[EndTime "15:14:29 PDT"]
[Termination "Balla_Tamas won by checkmate"]

1. e4 c5 2. c3 Nf6 3. e5 Nd5 4. d4 d6 5. Nf3 cxd4 6. cxd4 Nc6 7. Bc4 Nb6 8. Bb5 dxe5 9. Nxe5 Bd7 10. Nxd7 Qxd7 11.
Nc3 e6 12. O-O Be7 13. Qg4 Bf6 14. Be3 O-O 15. Ne4 Nd5 16. Rac1 Rac8 17. Rc5 a6 18.
Rxd5 Qe7 19. Rd7 axb5 20. Rxe7 Bxe7 21. Bh6 g6 22. Bxf8 Bxf8 23. d5 Ne5 24. Nf6+ Kg7 25.
Nh5+ Kg8 26. Qd4 Bd6 27. Nf6+ Kg7 28. Ne4 Rc4 29. Qe3 Bb8 30. dxe6 fxe6 31. b3 Rc6 32. h3 Nf7 33. Rd1 Be5 34. Rd7 Kg8 35. Ng5 Nxg5 36. Qxe5 Nf7 37. Qf6 Rc1+ 38. Kh2 Nh6 39.
Qg7# 1-0

[Event "Late-Titled-Tuesday-Blitz-March-19-2024"]
[Site "Chess.com"]
[Date "2024.03.19"]
[Round "7"]
[White "kingofthenil"]
[Black "aistrel"]
[Result "1-0"]
[WhiteElo "2775"]
[BlackElo "2646"]
[TimeControl "180+1"]
[EndTime "15:14:31 PDT"]
[Termination "kingofthenil won by resignation"]

1. d4 d5 2. Bf4 c5 3. Nc3 Nc6 4. e4 cxd4 5. Nxd5 e5 6. Bg3 Be6 7. Bc4 Nf6 8. Qf3 Bxd5 9. exd5 e4 10. Qb3 Qa5+ 11. Kf1 Nb4 12. d6 O-O-O 13. Bxf7 Bxd6 14.
Ne2 Bxg3 15. hxg3 d3 16. cxd3 exd3 17. Nc3 d2 18. Rh4 Nbd5 19. Nxd5 Nxd5 20. Ra4 Qc7 21. Rc4 d1=Q+ 22. Rxd1 Ne3+ 23. fxe3 Rxd1+ 24. Qxd1 Qxc4+ 25. Bxc4 1-0

[Event "Late-Titled-Tuesday-Blitz-March-19-2024"]
[Site "Chess.com"]
[Date "2024.03.19"]
[Round "7"]
[White "Zohid6"]
[Black "Durarbayli"]
[Result "1-0"]
[WhiteElo "2893"]
[BlackElo "2959"]
[TimeControl "180+1"]
[EndTime "15:14:37 PDT"]
[Termination "Zohid6 won by resignation"]

1. e4 c5 2. Nf3 d6 3. Bb5+ Nd7 4.
c4 Nf6 5. Nc3 g6 6. O-O Bg7 7. d3 O-O 8. Ba4 b6 9. h3 Bb7 10. Be3 a6 11. a3 e6 12. Rc1 Qc7 13. b4 Rfd8 14. Qe2 Rab8 15. Rfd1 Ba8 16. Bb3 h6 17. Bf4 e5 18. Be3 Nf8 19. Nd5 Bxd5 20. cxd5 Qe7 21. bxc5 bxc5 22. Bc4 Rb6 23. Bd2 Rdb8 24.
Ba5 Rb2 25. Rc2 Rxc2 26. Qxc2 Qb7 27. Qa4 Nh5 28. Qc6 Qe7 29. Bc7 Rc8 30. Bxd6 Qd8 31. Qxa6 Nf4 32. g3 Nxh3+ 33. Kg2 Ng5 34. Nxg5 hxg5 35.
Be7 Qe8 36. Bb5 1-0

[Event "Late-Titled-Tuesday-Blitz-March-19-2024"]
[Site "Chess.com"]
[Date "2024.03.19"]
[Round "7"]
[White "Matrix3x3a"]
[Black "kleber2007"]
[Result "1-0"]
[WhiteElo "2613"]
[BlackElo "2487"]
[TimeControl "180+1"]
[EndTime "15:14:37 PDT"]
[Termination "Matrix3x3a won on time"]

1. d4 Nf6 2. c4 g6 3. Nc3 d5 4. Nf3 Bg7 5. Qb3 dxc4 6. Qxc4 O-O 7. e4 Be6 8. d5 Bc8 9. e5 Ne8 10. h4 c6 11. h5 e6 12. d6 Nd7 13.
Bg5 Nxe5 14. Qh4 Nxf3+ 15. gxf3 Qa5 16. hxg6 Bxc3+ 17. bxc3 Qxc3+ 18. Ke2 Qb2+ 19. Ke3 Qe5+ 20. Kd3 Qxd6+ 21. Kc4 b5+ 22. Kb3 Qd5+ 23. Kc2 Qc5+ 24. Kd2 Qd5+ 25. Bd3 1-0

[Event "Late-Titled-Tuesday-Blitz-March-19-2024"]
[Site "Chess.com"]
[Date "2024.03.19"]
[Round "7"]
[White "BabageldiAnnaberdiyev"]
[Black "secretsuperstar7"]
[Result "1-0"]
[WhiteElo "2631"]
[BlackElo "2492"]
[TimeControl "180+1"]
[EndTime "15:14:38 PDT"]
[Termination "BabageldiAnnaberdiyev won by resignation"]

1. e4 c5 2. Nf3 d6 3. d4 cxd4 4. Nxd4 Nf6 5. Nc3 Nc6 6. Bc4 e6 7. Bb3 Be7 8. O-O O-O 9. Kh1 a6 10. f4 Qc7 11. f5 e5 12. Nde2 b5 13. Bg5 Bb7 14. Bxf6 Bxf6 15. Nd5 Qd8 16. c3 Na5 17. Ng3 Bxd5 18. Bxd5 Rc8 19. a4 Nc4 20. axb5 Ne3 21.
Qd3 Nxf1 22. Rxf1 axb5 23. Qxb5 Rb8 24. Qe2 Qb6 25. b3 Qc5 26. Rf3 Qa3 27. h3 Qc1+ 28. Kh2 Bg5 29. Nf1 Rbc8 30. Qd3 Rc7 31. g3 Ra7 32. h4 Ra2+ 33. Kh3 Bf6 34. b4 h5 35.
Bxa2 Ra8 36. Bxf7+ Kf8 37. Bxh5 Ke7 38. Qd5 Ra1 39.
Qe6+ Kd8 40. Qxd6+ Kc8 41. Qc6+ Kb8 42. Qb6+ Kc8 43. Bf7 1-0

[Event "Late-Titled-Tuesday-Blitz-March-19-2024"]
[Site "Chess.com"]
[Date "2024.03.19"]
[Round "7"]
[White "Narek_Ghimoyan"]
[Black "KnightmareJoker"]
[Result "1-0"]
[WhiteElo "2457"]
[BlackElo "2308"]
[TimeControl "180+1"]
[EndTime "15:14:39 PDT"]
[Termination "Narek_Ghimoyan won by resignation"]

1. d4 d5 2. c4 e6 3. Nf3 Nf6 4. Nc3 Be7 5. Bf4 O-O 6. e3 dxc4 7. Bxc4 a6 8. O-O b5 9. Bd3 Bb7 10. Qe2 Nc6 11. Rfd1 Nb4 12. Bb1 Nbd5 13. Bg3 b4 14. Nxd5 Qxd5 15. Bxc7 Rac8 16. Bg3 Ne4 17. Bd3 Ng5 18. Ne1 Nh3+ 19. Kf1 h5 20. e4 Qg5 21. gxh3 h4 22. Nf3 Qh6 23. Qe3 hxg3 24. Qxh6 gxh2 25.
Qh5 h1=Q+ 26. Ke2 g6 27. Qg4 Qxd1+ 28. Rxd1 Bf6 29. e5 Bg7 30. Be4 Bxe4 31. Qxe4 Rc7 32.
h4 Rfc8 33. h5 Rc2+ 34. Rd2 Rc1 35. hxg6 fxg6 36. Qxg6 R8c6 37. Ng5 1-0

[Event "Late-Titled-Tuesday-Blitz-March-19-2024"]
[Site "Chess.com"]
[Date "2024.03.19"]
[Round "7"]
[White "Vadim_Galchenko"]
[Black "Eloist"]
[Result "0-1"]
[WhiteElo "2593"]
[BlackElo "2496"]
[TimeControl "180+1"]
[EndTime "15:14:40 PDT"]
[Termination "Eloist won by checkmate"]

1. e4 e6 2. d4 d5 3. Nd2 c5 4.
exd5 Qxd5 5. Ngf3 cxd4 6. Bc4 Qd6 7. O-O Nf6 8. Nb3 Nc6 9. Nbxd4 Nxd4 10. Qxd4 Qxd4 11.
Nxd4 Bd7 12. a4 Rc8 13. b3 Bc5 14. Bb2 O-O 15. Rfd1 Rfd8 16. Rd3 e5 17. Nb5 Bf5 18. Rxd8+ Rxd8 19. Bxe5 Bxf2+ 20. Kxf2 Ng4+ 21. Kg3 Nxe5 22.
Kf4 Nxc4 23. bxc4 Bxc2 24. Nxa7 Rd4+ 25. Ke5 Rxc4 26. a5 f6+ 27. Kd5 Bb3 28. Kd6 Kf7 29. Rb1 Rc3 30. Nb5 Rc6+ 31. Kd7 Be6+ 32. Kd8 Rc8# 0-1

[Event "Late-Titled-Tuesday-Blitz-March-19-2024"]
[Site "Chess.com"]
[Date "2024.03.19"]
[Round "7"]
[White "dropstoneDP"]
[Black "VitaliyBernadskiy"]
[Result "1/2-1/2"]
[WhiteElo "2989"]
[BlackElo "2891"]
[TimeControl "180+1"]
[EndTime "15:14:41 PDT"]
[Termination "Game drawn by agreement"]

1. e4 e5 2. Nf3 Nc6 3. Bb5 a6 4.
Bxc6 dxc6 5. O-O Qf6 6. d4 exd4 7. Bg5 Qd6 8. Nxd4 Be7 9. Be3 Nh6 10. f3 Bd7 11. Nc3 O-O-O 12. Qd2 f5 13. Rad1 Bf6 14. Kh1 c5 15. Nxf5 Nxf5 16. exf5 Qxd2 17. Rxd2 Bxf5 18. Rfd1 Bxc3 19. Rxd8+ Rxd8 20. Rxd8+ Kxd8 21. bxc3 b6 22. Kg1 Bxc2 23. Kf2 Kd7 24. Ke2 Ke6 25.
Bf4 c6 26. Bc7 b5 27. Kd2 Bb1 28. a3 Kd5 29. Bb6 c4 30. Bd8 Bd3 31. Ke3 c5 32. h4 h5 33. g4 g6 34. gxh5 gxh5 35. Kd2 Bf5 36. Ke3 Bc2 37. Kd2 Bf5 38. Kc1 b4 39.
Kb2 b3 40. Bg5 Bc2 41. Bd8 Bd3 42. f4 Bf5 43. Bg5 Ke4 44. Be7 Kxf4 45. Bxc5 Kg4 46. Be7 1/2-1/2

[Event "Late-Titled-Tuesday-Blitz-March-19-2024"]
[Site "Chess.com"]
[Date "2024.03.19"]
[Round "7"]
[White "ExchangeAB"]
[Black "Thjop"]
[Result "1/2-1/2"]
[WhiteElo "2509"]
[BlackElo "2638"]
[TimeControl "180+1"]
[EndTime "15:14:43 PDT"]
[Termination "Game drawn by agreement"]

1. d4 d5 2. Nf3 Nf6 3. e3 Bf5 4. Bd3 Bxd3 5. Qxd3 c6 6. O-O e6 7. b3 Bd6 8. Ba3 O-O 9. Bxd6 Qxd6 10. c4 Nbd7 11. Nc3 Rfe8 12. cxd5 exd5 13. a3 Ne4 14. b4 a6 15. Na4 b5 16. Nc5 a5 17.
Nxd7 Qxd7 18. Nd2 Nd6 19. Nb3 axb4 20. axb4 Nc4 21. Nc5 Qe7 22. Qc3 g6 23. Rxa8 Rxa8 24. Ra1 Ra7 25. g3 h5 26. h4 Qc7 27. e4 Qb8 28. e5 Qa8 29. Rxa7 Qxa7 30. Kg2 Qa2 31. e6 fxe6 32. Qd3 Kh7 33. Nxe6 Nd2 34. Nf8+ Kg7 35. Qxg6+ Kxf8 36. Qf6+ 1/2-1/2

[Event "Late-Titled-Tuesday-Blitz-March-19-2024"]
[Site "Chess.com"]
[Date "2024.03.19"]
[Round "7"]
[White "stolencandy13"]
[Black "Zampronha1971"]
[Result "0-1"]
[WhiteElo "2545"]
[BlackElo "2340"]
[TimeControl "180+1"]
[EndTime "15:14:43 PDT"]
[Termination "Zampronha1971 won by resignation"]

1. d4 Nf6 2. Bf4 e6 3. e3 c5 4. c3 d5 5. Nd2 Nc6 6. Bd3 Bd6 7. Bxd6 Qxd6 8. f4 O-O 9. Ngf3 b6 10. O-O Bb7 11. Ne5 Ne7 12. Rf3 Ne4 13. Rh3 g6 14.
Bxe4 dxe4 15. Qg4 Nf5 16. Qg5 f6 17. Qg4 fxe5 18. fxe5 Qd5 19. b3 cxd4 20. cxd4 Rac8 21. Nc4 Ba6 22. Nd6 Nxd6 23. exd6 Qf5 24. Qxf5 exf5 25.
Rh4 Rfd8 26. g4 Rxd6 27. gxf5 gxf5 28. Kf2 Rg6 29. Ke1 Rg1+ 0-1

[Event "Late-Titled-Tuesday-Blitz-March-19-2024"]
[Site "Chess.com"]
[Date "2024.03.19"]
[Round "7"]
[White "Kostukov_Alex"]
[Black "Dr_Pepper18"]
[Result "0-1"]
[WhiteElo "2277"]
[BlackElo "2441"]
[TimeControl "180+1"]
[EndTime "15:14:43 PDT"]
[Termination "Dr_Pepper18 won on time"]

1. g3 Nf6 2. Bg2 d5 3. d3 c5 4. e4 Nc6 5. exd5 Nxd5 6. Ne2 Bg4 7. Nbc3 Nd4 8. Qd2 Nf3+ 9. Bxf3 Bxf3 10. O-O e6 11.
Nf4 Nxf4 12. Qxf4 Bc6 13. Ne4 Be7 14. Be3 b6 15. h4 O-O 16. Rad1 Qd5 17. c4 Qh5 18. d4 cxd4 19. Rxd4 e5 0-1

[Event "Late-Titled-Tuesday-Blitz-March-19-2024"]
[Site "Chess.com"]
[Date "2024.03.19"]
[Round "7"]
[White "nindjaxx8"]
[Black "Schattman"]
[Result "1-0"]
[WhiteElo "2666"]
[BlackElo "2505"]
[TimeControl "180+1"]
[EndTime "15:14:46 PDT"]
[Termination "nindjaxx8 won on time"]

1. d4 Nf6 2. c4 g6 3. Nc3 d5 4. Nf3 Bg7 5. Bf4 O-O 6. e3 c5 7. dxc5 Qa5 8. Rc1 Ne4 9. cxd5 Nxc3 10. Qd2 Nd7 11. bxc3 Nxc5 12. Bd3 Nxd3+ 13. Qxd3 Bf5 14. Qd2 Be4 15. c4 Qa6 16. O-O Rac8 17. Qb4 Rfe8 18. Rfd1 Bxf3 19. gxf3 Qxa2 20. c5 Qa6 21. d6 exd6 22.
cxd6 Rxc1 23. Rxc1 b6 24. d7 Rd8 25. Qe7 1-0

[Event "Late-Titled-Tuesday-Blitz-March-19-2024"]
[Site "Chess.com"]
[Date "2024.03.19"]
[Round "7"]
[White "esrosenberg"]
[Black "Bastiandash"]
[Result "0-1"]
[WhiteElo "2479"]
[BlackElo "2606"]
[TimeControl "180+1"]
[EndTime "15:14:46 PDT"]
[Termination "Bastiandash won by resignation"]

1. d4 Nf6 2. Nf3 g6 3. Nc3 d6 4. e4 a6 5. Be2 Bg7 6. O-O O-O 7. h3 b5 8. a3 Bb7 9. e5 Nd5 10. Nxd5 Bxd5 11. Bf4 Nc6 12. c3 dxe5 13. Nxe5 Nxe5 14. Bxe5 Bxe5 15. dxe5 Qd7 16. f4 Rfd8 17. Qe1 Qc6 18. Qg3 Be4 19. Rad1 Qc5+ 20. Kh2 a5 21. Bf3 Qc6 22. Rd4 Rxd4 23. cxd4 Rd8 24. Bxe4 Qxe4 25.
Qc3 c6 26. Qxa5 Rxd4 27. Qa8+ Kg7 28. Qe8 Rd2 29. Rg1 Qxf4+ 30. Kh1 Qxe5 31. Qxc6 Rxb2 32.
Qf3 b4 33. axb4 Rxb4 34. Rf1 f5 35. Qf2 Re4 36. Qd2 Re2 37. Qd8 Re1 38. Rxe1 Qxe1+ 39. Kh2 Qe5+ 40. Kh1 g5 41. Qe8 h6 42. Qh5 Qf6 43. Kh2 e5 44. Qd1 Qe6 45. Qd8 e4 46. Qc7+ Kg6 47. Qd8 e3 48. Kg1 e2 49. Kh2 0-1

[Event "Late-Titled-Tuesday-Blitz-March-19-2024"]
[Site "Chess.com"]
[Date "2024.03.19"]
[Round "7"]
[White "MusicCityMaster"]
[Black "RantomOpening"]
[Result "0-1"]
[WhiteElo "2453"]
[BlackElo "2594"]
[TimeControl "180+1"]
[EndTime "15:14:46 PDT"]
[Termination "RantomOpening won by checkmate"]

1. d4 d5 2. c4 e6 3. Nf3 a6 4. e3 Nf6 5. Bd3 dxc4 6. Bxc4 b5 7.
Bd3 Bb7 8. Qe2 Nbd7 9. O-O c6 10.
Nbd2 c5 11. dxc5 Nxc5 12. Bb1 Be7 13. b4 Na4 14. Bc2 Nc3 15. Qe1 Bxb4 16. a3 Be7 17.
Bb2 Ncd5 18. Ne5 Rc8 19. Bb3 O-O 20. f4 Bc5 21. Rf3 Qb6 22. Nf1 Rfd8 23. Kh1 Ne4 24. Qh4 Ndf6 25. Rh3 Ba8 26. Ng4 Qc6 27. Nxf6+ Nxf6 28. Rg3 e5 29. Bxe5 Be7 30. Qg5 g6 31. Qh6 Bf8 32. Rxg6+ hxg6 33. Qxg6+ Bg7 34. Qxf7+ Kh8 35. e4 Qxe4 36. Ne3 Qxe3 37. Bxf6 Rc1+ 38. Bd1 Rdxd1# 0-1

[Event "Late-Titled-Tuesday-Blitz-March-19-2024"]
[Site "Chess.com"]
[Date "2024.03.19"]
[Round "7"]
[White "ContrVersia"]
[Black "GHANDEEVAM2003"]
[Result "0-1"]
[WhiteElo "2920"]
[BlackElo "3044"]
[TimeControl "180+1"]
[EndTime "15:14:51 PDT"]
[Termination "GHANDEEVAM2003 won by resignation"]

1. Nf3 d6 2. d4 g6 3. g3 Bg7 4. Bg2 Nc6 5. O-O Bd7 6. c3 Qc8 7. Re1 Bh3 8. Bh1 h5 9. Bg5 h4 10. e4 hxg3 11. hxg3 Qg4 12. Nbd2 Qh5 13. d5 Ne5 14.
Nxe5 Bg4 15. Bf3 Bxe5 16. Be3 Nf6 17. Kf1 Qh3+ 18. Ke2 Bxf3+ 19. Nxf3 Qg4 20. Qa4+ Kf8 21. Qd1 Kg7 22. Kd2 Nxe4+ 23. Kc2 Bf6 24. Qe2 Qf5 25. Bh6+ Rxh6 26. Qxe4 Rh5 27. Rad1 Rah8 28. g4 Qxe4+ 29.
Rxe4 Rh3 30. Rd3 g5 31. c4 a5 32. a3 b6 33. b3 Rh1 34. a4 Ra1 35. Re1 Ra2+ 36.
Kd1 Rxf2 37. Re2 Rh1+ 38. Kd2 Rff1 39. Re1 Rxe1 40. Nxe1 Rg1 0-1

[Event "Late-Titled-Tuesday-Blitz-March-19-2024"]
[Site "Chess.com"]
[Date "2024.03.19"]
[Round "7"]
[White "cukricek"]
[Black "TheMagician"]
[Result "0-1"]
[WhiteElo "2464"]
[BlackElo "2238"]
[TimeControl "180+1"]
[EndTime "15:14:55 PDT"]
[Termination "TheMagician won by resignation"]

1. g3 d5 2. Nf3 c6 3. Bg2 h6 4. O-O Bf5 5. d3 Nf6 6. Nc3 e6 7. Nd2 Bh7 8. e4 dxe4 9. dxe4 Bb4 10. Qe2 Bxc3 11. bxc3 O-O 12. f4 Nbd7 13. g4 Qa5 14.
Rb1 Qxc3 15. Rxb7 Nb6 16. g5 hxg5 17. fxg5 Qc5+ 18. Kh1 Qxg5 19. Nc4 Qg4 20. Qxg4 Nxg4 21. Ba3 Nxc4 22. Bxf8 Rxf8 23. Rxa7 Nge3 24. Re1 Nxg2 25.
Kxg2 Nd2 26. a4 Bxe4+ 27. Kg3 Bd5 28. a5 Ne4+ 29. Kf4 Nc5 30. Ke5 Rb8 31. Kd6 Ne4+ 32. Kc7 Rb2 33. c4 Nc3 34. cxd5 Nb5+ 35. Kb6 Nxa7+ 36.
Kxa7 cxd5 37. a6 d4 38. Ka8 d3 39. Rd1 d2 40. a7 e5 41. Ra1 e4 0-1

[Event "Late-Titled-Tuesday-Blitz-March-19-2024"]
[Site "Chess.com"]
[Date "2024.03.19"]
[Round "7"]
[White "Evandro_Barbosa"]
[Black "WilsonPalencia21"]
[Result "1-0"]
[WhiteElo "2736"]
[BlackElo "2611"]
[TimeControl "180+1"]
[EndTime "15:14:58 PDT"]
[Termination "Evandro_Barbosa won on time"]

1. e4 c5 2. Nf3 d6 3. Bb5+ Nd7 4.
d4 cxd4 5. Qxd4 e5 6. Qd3 a6 7. Bxd7+ Bxd7 8. c4 b5 9. Nc3 bxc4 10.
Qxc4 Be6 11. Qd3 h6 12. O-O Nf6 13. Rd1 Be7 14. b3 O-O 15. Bb2 Qb6 16. Nd2 Rfc8 17. Nf1 Qb7 18. Ne3 a5 19. Rd2 Rxc3 20. Bxc3 Nxe4 21.
Rdd1 Nxc3 22. Qxc3 d5 23. Qd3 e4 24. Qd2 Rd8 25.
Nc2 d4 26. Qxa5 d3 27. Ne3 Bf6 28. Rac1 Ra8 29. Qd2 Qa6 30. Qb4 Qxa2 31. Qxe4 Qb2 32. Qxa8+ 1-0

[Event "Late-Titled-Tuesday-Blitz-March-19-2024"]
[Site "Chess.com"]
[Date "2024.03.19"]
[Round "7"]
[White "NovakRatko"]
[Black "valeriocarnicelli"]
[Result "1-0"]
[WhiteElo "2425"]
[BlackElo "2537"]
[TimeControl "180+1"]
[EndTime "15:15:03 PDT"]
[Termination "NovakRatko won by resignation"]

1. d4 Nf6 2. c4 c5 3. dxc5 Qa5+ 4. Nc3 Qxc5 5. e4 d6 6. Be3 Qa5 7. Qd2 Nc6 8. a3 g6 9. Nf3 Bg7 10. h3 O-O 11. Be2 a6 12. O-O Bd7 13. Nd5 Qxd2 14. Nxd2 Nxd5 15. cxd5 Na7 16. Rab1 Rfc8 17. Nc4 Bb5 18. b3 a5 19. a4 Ba6 20. Rfe1 Bc3 21. Rec1 Bb4 22. Kf1 Rc7 23. Nb6 Rxc1+ 24. Rxc1 Re8 25. Bxa6 bxa6 26. Rc2 Rb8 27. Rc7 Nb5 28.
axb5 axb5 29. Rxe7 Bc5 30. Nd7 Rb7 31. Re8+ Kg7 32.
Nxc5 dxc5 33. Bxc5 Rc7 34. d6 1-0

[Event "Late-Titled-Tuesday-Blitz-March-19-2024"]
[Site "Chess.com"]
[Date "2024.03.19"]
[Round "7"]
[White "RebelJohnny"]
[Black "schondeln"]
[Result "1-0"]
[WhiteElo "2569"]
[BlackElo "2372"]
[TimeControl "180+1"]
[EndTime "15:15:09 PDT"]
[Termination "RebelJohnny won by resignation"]

1. e4 d5 2. exd5 Qxd5 3. Nc3 Qa5 4. d4 Nf6 5. Bd2 Bg4 6. f3 Bd7 7. f4 Qb6 8. Nf3 e6 9. Bc4 Be7 10. Qe2 a6 11. O-O-O O-O 12. g4 Nc6 13. g5 Ne8 14. d5 Na5 15. Bd3 Nd6 16. Ne5 Be8 17. Be3 c5 18.
dxc6 Qc7 19. Nd7 Bxd7 20. cxd7 Qxd7 21. Bc5 Qc7 22. Bxd6 Bxd6 23. Bxh7+ Kxh7 24. Qd3+ Kg8 25. Qxd6 Qxd6 26. Rxd6 Rfd8 27. Rhd1 Rxd6 28. Rxd6 Kf8 29. Rd7 Ke8 30. Rc7 Rb8 31. Ne4 Nc6 32. Nd6+ Kf8 33. Rxf7+ Kg8 34. Rxb7 1-0